 Dungeon Crawl Stone Soup version 0.20.1-1-g8b1a95d (webtiles) character file.

12 Starchild the Cutter (level 2, -2/17 HPs)
             Began as a Kobold Warper on Aug 6, 2017.
             Slain by an adder (3 damage)
             ... on level 1 of the Dungeon.
             The game lasted 00:02:44 (582 turns).

Starchild the Cutter (Kobold Warper)                 Turns: 582, Time: 00:02:45

Health: -2/17      AC:  3    Str:  8    XL:     2   Next: 45%
Magic:  1/5        EV: 14    Int: 14    God:
Gold:   40         SH:  0    Dex: 14    Spells: 3/5 levels left

rFire    . . .     SeeInvis .   a - +0 short sword
rCold    . . .     Gourm    .   (shield restricted)
rNeg     . . .     Faith    .   b - +0 leather armour
rPois    .         Spirit   .   (no helmet)
rElec    .         Reflect  .   (no cloak)
rCorr    .         Harm     .   (no gloves)
MR       .....                  (no boots)
Stlth    +.........             (no amulet)
Regen    0.1/turn               (no ring)
MPRegen  0.1/turn               (no ring)

@: lethally poisoned (-2 -> -5)
A: carnivore 3
a: no special abilities


You were on level 1 of the Dungeon.
You were not hungry.

You visited 1 branch of the dungeon, and saw 2 of its levels.

You collected 40 gold pieces.

Inventory:

Hand Weapons
 a - a +0 short sword (weapon)
Missiles
 j - 29 stones (quivered)
 k - 16 bolts
Armour
 b - a +0 leather armour (worn)
Scrolls
 d - a scroll of blinking
 g - 3 scrolls of identify {unknown}
 i - a scroll of teleportation {unknown}
Potions
 h - 2 potions of might {unknown}
 l - a potion of curing {unknown}
 m - a potion of cancellation {unknown}
 n - a potion of mutation {unknown}
Books
 c - a book of Spatial Translocations

   Spells                             Type                      Level
   a - Blink                          Translocation                2
   b - Shroud of Golubria             Charms/Translocation         2
   c - Lesser Beckoning               Translocation                3
   d - Gell's Gravitas                Translocation                3
   e - Teleport Other                 Translocation                3
   f - Passage of Golubria            Translocation                4
Comestibles
 f - a meat ration


   Skills:
 - Level 2.1 Fighting
 + Level 3.7 Short Blades
 - Level 1.1 Throwing
 - Level 0.7 Armour
 - Level 2.4 Dodging
 - Level 2.1 Spellcasting
 + Level 3.1 Translocations


You had 3 spell levels left.
You knew the following spells:

 Your Spells              Type           Power        Failure   Level  Hunger
a - Blink                 Tloc           N/A          14%         2    ###....


Dungeon Overview and Level Annotations

Branches:
Dungeon (2/15)

Altars:

Annotations:
D:2 Sigmund


Innate Abilities, Weirdness & Mutations

You are small and have problems with some larger weapons.
You are carnivorous and can eat meat at any time.


Message History

Throwing (i - inventory. (,) - cycle):
e - a tomahawk of dispersal (quivered)
Press: ? - help, Shift-Dir - straight line, f/p - adder
Aim: an adder You throw a tomahawk of dispersal.
The tomahawk of dispersal closely misses the adder.
The adder bites you.
You hit the adder.
The adder is heavily wounded.
The adder misses you. x2
You hit the adder.
The adder is almost dead.
The adder bites you.
* * * LOW HITPOINT WARNING * * *
You are lethally poisoned!
The adder poisons you!
You hit the adder.
The adder is almost dead.
* * * LOW HITPOINT WARNING * * *
You feel sick. The adder bites you.
You die...

.#.#.# #.# .#...# #.#
.....# #.# .###.# #.#
.###.######.#######
...................
####.######.###### #
#.######.#######.# #
#...........S@...#
#########.########
##### #.# #...######.#
##.......##.##
#.........>..#########
#.#.####....†.........
#.#.# ##....#########
##.#.# #...##


You could see an adder.

Vanquished Creatures
  A dart slug (D:1)
  A bat (D:1)
  2 giant cockroaches (D:2)
  2 goblins
  A hobgoblin (D:1)
  A kobold (D:2)
8 creatures vanquished.

Notes
Turn   | Place    | Note
-------+----------+-------------------------------------------
     0 | D:1      | Starchild the Kobold Warper began the quest for the Orb.
     0 | D:1      | Reached XP level 1. HP: 12/12 MP: 3/3
    99 | D:1      | Reached XP level 2. HP: 4/17 MP: 5/5
   106 | D:1      | Learned a level 2 spell: Blink
   422 | D:1      | You fall through a shaft!
   559 | D:2      | Noticed Sigmund
   582 | D:1      | Slain by an adder

Skill      XL: |  1 |
---------------+----+-----
Short Blades   | 3 |  3.7
Fighting       | |  2.1
Throwing       | |  1.1
Armour         | |  0.7
Dodging        | |  2.4
Spellcasting   | |  2.1
Translocations | |  3.1

Action                   || total
-------------------------++-------
Melee: Short sword       ||    58
Throw: Tomahawk          ||     5
 Cast: Blink             ||     3
 Stab: Sleeping          ||     2
Armor: Leather armour    ||    13
Dodge: Dodged            ||    43
